 Dungeon Crawl Stone Soup version 0.18-a0-1643-gb89d9db (webtiles) character file.

109 M4edhros the Ducker (level 4, -2/31 HPs)
             Began as an Octopode Fighter on Mar 29, 2016.
             Slain by an orc
             ... wielding a +0 whip
              (5 damage)
             ... on level 3 of the Dungeon.
             The game lasted 00:01:07 (1598 turns).

M4edhros the Ducker (Octopode Fighter)              Turns: 1598, Time: 00:01:08

Health: -2/31      AC:  1    Str: 15    XL:     4   Next: 90%
Magic:  4/4        EV: 11    Int: 10    God:
Gold:   109        SH:  9    Dex: 12    Spells: 0 memorised, 3 levels left

rFire  . . .     SeeInvis .     a - +0 trident
rCold  . . .     Gourm    .     b - +0 shield
rNeg   . . .     Faith    .     (helmet restricted)
rPois  .         Spirit   .     (no amulet)
rElec  .         Dismiss  .     (no ring)
rCorr  .         Reflect  .     (no ring)
SustAt .         Harm     .     (no ring)
MR     .....                    (no ring)
Stlth  +++.......               (no ring)
                                (no ring)
                                (no ring)
                                (no ring)

@: not resistant to hostile enchantments, fairly stealthy
A: almost no armour, amphibious, 8 rings, constrict 8, camouflage 1, gelatinous
body 1
a: no special abilities


You were on level 3 of the Dungeon.
You were not hungry.

You visited 1 branch of the dungeon, and saw 3 of its levels.

You collected 109 gold pieces.

Inventory:

Hand Weapons
 a - a +0 trident (weapon)
Missiles
 i - 74 stones (quivered)
 m - 2 javelins of returning
 o - 21 sling bullets
Armour
 b - a +0 shield (worn)
Scrolls
 e - 4 scrolls of identify {unknown}
 g - a scroll of fear {unknown}
 h - 2 scrolls of remove curse {unknown}
 j - a scroll of recharging {unknown}
 l - 3 scrolls of teleportation {unknown}
 n - a scroll of enchant armour {unknown}
 p - a scroll of noise {unknown}
 s - a scroll of immolation {unknown}
Potions
 c - a potion of might
 k - a potion of lignification {unknown}
 q - a potion of curing {unknown}
 r - a potion of brilliance {unknown}
Comestibles
 d - a bread ration
 f - a meat ration
 t - a chunk of flesh


   Skills:
 - Level 3.0 Fighting
 + Level 3.2 Polearms
 + Level 3.8 Dodging
 + Level 2.7 Stealth
 + Level 3.5 Shields


You had 3 spell levels left.
You didn't know any spells.

Dungeon Overview and Level Annotations

Branches:
Dungeon (3/15)

Altars:
Trog


Innate Abilities, Weirdness & Mutations

You cannot wear most types of armour.
You are amphibious.
You can wear up to eight rings at the same time.
You can use your tentacles to constrict eight enemies at once.
Your skin changes colour to match your surroundings (Stealth).
Your rubbery body absorbs attacks (AC +1).


Message History

You block the orc's attack. The orc barely misses you.
You block the orc wizard's attack.
Unknown command.
You miss the orc wizard. Your grab misses the orc wizard.
The orc wizard is almost dead.
You block the orc's attack. x2; The orc hits you with a short sword.
The orc wizard hits you with a dagger.
Unknown command.
You hit the orc wizard.
You kill the orc wizard!
The orc misses you. The orc hits you with a whip. You block the orc's attack.
The orc hits you with a whip. The orc hits you with a short sword.
The orc hits you with an enchanted whip.
* * * LOW HITPOINT WARNING * * *
The orc hits you with a whip.
* * * LOW HITPOINT WARNING * * *
Drink which item? (? for menu, Esc to quit)
Okay, then.
The orc hits you with a whip.
You die...

#########
#.......#
#.......#####..#
#.....oo@....[#
#....o.....# ..
####.#### .. #.


You could see 5 orcs.

Vanquished Creatures
  An orc wizard (D:3)
  Natasha (D:2)
  2 adders (D:2)
  A worm (D:2)
  2 giant geckos
  A ball python (D:2)
  4 bats
  2 giant cockroaches
  9 goblins
  2 hobgoblins
  A quokka (D:2)
  5 kobolds (D:1)
  3 rats
34 creatures vanquished.

Notes
Turn   | Place    | Note
--------------------------------------------------------------
     0 | D:1      | M4edhros the Octopode Fighter began the quest for the Orb.
     0 | D:1      | Reached XP level 1. HP: 16/16 MP: 1/1
   115 | D:1      | Reached skill level 1 in Stealth
   115 | D:1      | Reached XP level 2. HP: 13/21 MP: 2/2
   977 | D:2      | Found a bloodstained altar of Trog.
   984 | D:2      | Reached XP level 3. HP: 26/26 MP: 3/3
  1417 | D:2      | Noticed Natasha
  1422 | D:2      | Killed Natasha
  1422 | D:2      | Reached XP level 4. HP: 28/31 MP: 4/4
  1598 | D:3      | Slain by an orc

Vault maps used:
D:1:      dpeg_arrival_boxes_within_box
D:2:      minitemple, lemuel_round_altar, minivault_5,
          okawaru_ov_weapons_minmay, uniq_iyjb, uniq_natasha, uniq_jessica
D:3:      lemuel_zombie_altar_kikubaaqudgha,
          gammafunk_pakellas_statue_experiment, first_bread

Skill      XL: |  1  2  3 |
---------------+----------+-----
Stealth        | 1 2 |  2.7
Polearms       | 3 |  3.2
Fighting       | |  3.0
Dodging        | |  3.8
Shields        | |  3.5

Action                   |  1- 3 |  4- 6 || total
-------------------------+-------+-------++-------
Melee: Trident           |    55 |    13 ||    68
 Stab: Sleeping          |    13 |     2 ||    15
  Eat: Chunk             |     2 |       ||     2
